 Dungeon Crawl Stone Soup version 0.23.0 (webtiles) character file.

Game seed: 14980590546967770418

2 tidbits the Charmwright (level 1, 20/20 HPs)
             Began as a Gnoll Skald on Feb 14, 2019.
             Quit the game on level 1 of the Dungeon.
             The game lasted 00:00:32 (62 turns).

tidbits the Charmwright (Gnoll Skald)                 Turns: 62, Time: 00:00:33

Health: 20/20      AC:  4    Str: 13    XL:     1   Next: 30%
Magic:  6/6        EV: 14    Int: 15    God:
Gold:   5          SH:  0    Dex: 14    Spells: 8/9 levels left

rFire    . . .     SeeInvis .   a - +0 spear
rCold    . . .     Gourm    .   (no shield)
rNeg     . . .     Faith    .   b - +0 leather armour
rPois    .         Spirit   .   (no helmet)
rElec    .         Reflect  .   (no cloak)
rCorr    .         Harm     .   (no gloves)
MR       .....                  F - +0 pair of boots (curse)
Stlth    +.........             (no amulet)
HPRegen  0.06/turn              (no ring)
MPRegen  0.10/turn              (no ring)

@: no status effects
A: distributed training, fangs 1, strong nose
a: no special abilities


You were on level 1 of the Dungeon.
You were not hungry.

You visited 1 branch of the dungeon, and saw 1 of its levels.

You collected 5 gold pieces.

Inventory:

Hand Weapons
 a - a +0 spear (weapon)
Armour
 b - a +0 leather armour (worn)
 F - a cursed +0 pair of boots (worn)
Scrolls
 c - 2 scrolls of remove curse {unknown}
Comestibles
 d - 2 rations


   Skills:
 + Level 4.4 Fighting
 + Level 0.0 Short Blades
 + Level 0.0 Long Blades
 + Level 0.0 Axes
 + Level 0.0 Maces & Flails
 + Level 4.4 Polearms
 + Level 0.0 Staves
 + Level 0.0 Slings
 + Level 0.0 Bows
 + Level 0.0 Crossbows
 + Level 0.0 Throwing
 + Level 2.3 Armour
 + Level 4.4 Dodging
 + Level 0.0 Stealth
 + Level 0.0 Shields
 + Level 0.0 Unarmed Combat
 + Level 4.8 Spellcasting
 + Level 0.0 Conjurations
 + Level 0.0 Hexes
 + Level 5.3 Charms
 + Level 0.0 Summonings
 + Level 0.0 Necromancy
 + Level 0.0 Translocations
 + Level 0.0 Transmutations
 + Level 0.0 Fire Magic
 + Level 0.0 Ice Magic
 + Level 0.0 Air Magic
 + Level 0.0 Earth Magic
 + Level 0.0 Poison Magic
 + Level 0.0 Invocations
 + Level 0.0 Evocations


You had 8 spell levels left.
You knew the following spells:

 Your Spells              Type           Power        Failure   Level  Hunger
i - Infusion              Chrm           ###.         2%          1    None

Your spell library contained the following spells:

 Spells                   Type           Power        Failure   Level  Hunger
 Song of Slaying          Chrm           ###.....     3%          2    ##.....
 Shroud of Golubria       Chrm/Tloc      ##........   11%         2    ##.....
 Regeneration             Chrm/Necr      ##........   22%         3    ###....
 Spectral Weapon          Hex/Chrm       ##......     22%         3    ###....


Dungeon Overview and Level Annotations

Branches:
Dungeon (1/15)

Altars:


Innate Abilities, Weirdness & Mutations

Your experience applies equally to all skills.
You have very sharp teeth.
Your uncanny sense of smell can sniff out nearby items.


Message History

Welcome, tidbits the Gnoll Skald.
Will you be the one to retrieve the fabulous Orb of Zot from the depths?
Press ? for a list of commands and other information.
Found a staircase leading out of the dungeon.
Found a pair of embroidered boots.
You see here a pair of embroidered boots.
c - a pair of embroidered boots Wear which item? (? for menu, Esc to quit)
You start putting on your armour.
You continue putting on your pair of embroidered boots. x4
You finish putting on your cursed +0 pair of boots.
Oops, that feels deathly cold.
Adjust (i)tems, (s)pells, or (a)bilities?
Adjust which item? (? for menu, Esc to quit)
c - a cursed +0 pair of boots (worn)
Adjust to which letter? (? for menu, Esc to quit)
F - a cursed +0 pair of boots (worn)
Unknown command.
A frilled lizard and a hobgoblin come into view.
Found a ration.
Unknown command.
Casting: Infusion (safe; 2% risk of failure)
Confirm with . or Enter, or press ? or * to list all spells.
You begin infusing your attacks with magical energy.
The frilled lizard hisses angrily.
Unknown command.
The hobgoblin shouts!
Found 2 scrolls labeled NUIBUF VIASH.
Unknown command.
You barely miss the hobgoblin.
The hobgoblin hits you but does no damage.
You hit the hobgoblin!
You kill the hobgoblin!
You hit the frilled lizard!
You kill the frilled lizard!
Found 5 gold pieces.
You see here a ration.
d - 2 rations (gained 1)
You see here 2 scrolls labeled NUIBUF VIASH.
c - 2 scrolls labeled NUIBUF VIASH Your magical infusion is running out.
You see here 5 gold pieces.
You now have 5 gold pieces.
You are no longer magically infusing your attacks.
As you open the door, it creaks loudly!
Found a hunting sling.
There is an open door here.
Unknown command.
Found 25 stones.
You open the door.
Unknown command.
There is an open door here.
Unknown command.
A hobgoblin comes into view.
The hobgoblin shouts! 2 jackals come into view.
A frilled lizard comes into view.
Unknown command.
Unknown command.
Are you sure you want to abandon this character and quit the game? (Confirm with "yes".)

### # # .h# l#. .. .#
.h##.## #.# .# ...g.##
... .# ..... #.# .#
... # #.# .# #.# #.#.#
.# #@# #.#.###.# #.#
#.......# ##'##
###.##### ##...##
#.### ##.....##
##.#.######..)....#
###.......##.......(.#
...........'.........+
#.........##.........#


You could see 2 jackals, a hobgoblin and a frilled lizard (wandering).

Vanquished Creatures
  A hobgoblin (D:1)
  A frilled lizard (D:1)
2 creatures vanquished.

Notes
Turn   | Place    | Note
-------+----------+-------------------------------------------
     0 | D:1      | tidbits the Gnoll Skald began the quest for the Orb.
     0 | D:1      | Reached XP level 1. HP: 20/20 MP: 6/6
    62 | D:1      | Quit the game

Action                   || total
-------------------------++-------
Melee: Spear             ||     3
 Cast: Infusion          ||     1
Armor: Leather armour    ||     1

Table legend:
 A = Turns spent in this place as a percentage of turns spent in the entire game.
 B = Non-inter-level travel turns spent in this place as a percentage of non-inter-level travel turns spent in the entire game.
 C = Inter-level travel turns spent in this place as a percentage of turns spent in this place.
 D = Turns resting spent in this place as a percentage of non-inter-level travel turns spent in this place.
 E = Turns spent auto-exploring this place as a percentage of non-inter-level travel turns spent in this place.
 F = Non-inter-level travel turns spent in this place divided by the number of levels of this place that you've seen.
                   A       B       C       D       E      F
               +-------+-------+-------+-------+-------+----------------------
         Total | 100.0 | 100.0 |   0.0 |   0.0 |   0.0 |  62.0
       Dungeon | 100.0 | 100.0 |   0.0 |   0.0 |   0.0 |  62.0
               +-------+-------+-------+-------+-------+----------------------

Table legend:
 A = Kills in this place as a percentage of kills in entire the game.
 B = Kills by you in this place as a percentage of kills by you in the entire game.
 C = Kills by friends in this place as a percentage of kills by friends in the entire game.
 D = Other kills in this place as a percentage of other kills in the entire game.
 E = Experience gained in this place as a percentage of experience gained in the entire game.
 F = Experience gained in this place divided by the number of levels of this place that you have seen.
                   A       B       C       D       E      F
               +-------+-------+-------+-------+-------+----------------------
         Total | 100.0 | 100.0 |   N/A |   N/A | 100.0 |   3.0
       Dungeon | 100.0 | 100.0 |   N/A |   N/A | 100.0 |   3.0
               +-------+-------+-------+-------+-------+----------------------

Levels and vault maps discovered:
D:1:      dpeg_arrival_brainrot, layout_loops_corners, minmay_tetromino_i4
